 Dungeon Crawl Stone Soup version 0.19.0-18-g426998a (webtiles) character file.

13449 esc the Carver (level 11, -13/104 HPs)
             Began as a Minotaur Chaos Knight on Nov 11, 2016.
             Mangled by a phantasmal warrior (21 damage)
             ... led by a death knight
             ... on level 12 of the Dungeon.
             The game lasted 00:44:10 (12368 turns).

esc the Carver (Minotaur Chaos Knight)             Turns: 12368, Time: 00:44:12

Health: -13/104    AC: 21    Str: 16 (18) XL:     11   Next: 75%
Magic:  10/10      EV: 10    Int:  8 (9)  God:    Xom [*.....]
Gold:   592        SH:  2    Dex: 14 (16) Spells: 1 memorised, 9 levels left

rFire  . . .     SeeInvis .     A - +1 great sword
rCold  . . .     Gourm    .     g - +0 plate armour
rNeg   . . .     Faith    .     (shield currently unavailable)
rPois  +         Spirit   .     (helmet restricted)
rElec  .         Reflect  +     S - +0 cloak
rCorr  .         Harm     .     y - +0 pair of gloves
MR     .....     Clarity  +     (no boots)
Stlth  ..........               m - +2 amulet of reflection
                                H - ring of poison resistance {rPois, !d}
                                x - +3 ring of protection

@: vulnerable
A: retaliatory headbutt, horns 2, thin skeletal structure 1, clarity, strong 1
a: Renounce Religion


You were on level 12 of the Dungeon.
You worshipped Xom.
You were a special plaything of Xom.
You were not hungry.

You visited 1 branch of the dungeon, and saw 12 of its levels.

You collected 832 gold pieces.
You spent 240 gold pieces at shops.

Inventory:

Hand Weapons
 A - a +1 great sword (weapon)
   (You found it on level 3 of the Dungeon)
 J - a +0 blowgun
   (You found it on level 8 of the Dungeon)
Missiles
 d - 3 tomahawks
 r - 7 tomahawks of returning (quivered)
 w - 23 poisoned needles
 K - 2 curare-tipped needles
Armour
 g - a +0 plate armour (worn)
   (You found it on level 6 of the Dungeon)
 y - a +0 pair of gloves (worn)
   (You found it on level 3 of the Dungeon)
 S - a +0 cloak (worn)
   (You found it on level 11 of the Dungeon)
Jewellery
 a - an uncursed ring of protection from cold {rC+, !d}
   (You found it on level 6 of the Dungeon)
 m - a +2 amulet of reflection (around neck)
   (You found it on level 2 of the Dungeon)
 x - a +3 ring of protection (left hand)
   (You found it on level 2 of the Dungeon)
 B - an uncursed ring of see invisible {sInv, !d}
   (You found it on level 4 of the Dungeon)
 H - a ring of poison resistance (right hand) {rPois, !d}
   (You bought it in a shop on level 6 of the Dungeon)
Wands
 i - a wand of disintegration (0/24)
   (You took it off an orc warrior on level 8 of the Dungeon)
 M - a wand of paralysis (7/24)
   (You found it on level 7 of the Dungeon)
 R - a wand of iceblast (7/15)
   (You found it on level 11 of the Dungeon)
 T - a wand of enslavement (2/24)
   (You found it on level 12 of the Dungeon)
Scrolls
 b - a scroll of fog
 e - 6 scrolls of remove curse
 h - 9 scrolls of amnesia
 o - 3 scrolls of immolation {unknown}
 t - 5 scrolls of magic mapping {!r}
 v - 3 scrolls of recharging
 C - 2 scrolls of enchant armour
 N - 3 scrolls of random uselessness
 O - 2 scrolls of fear {unknown}
Potions
 f - 2 potions of resistance
 l - 2 potions of magic
 n - 2 potions of flight
 s - 3 potions of lignification {!q}
 z - a potion of cancellation
 P - a potion of cure mutation {!q}
Books
 F - a book of Misfortune
   (You found it on level 5 of the Dungeon)
 I - a book of Party Tricks
   (Xom gifted it to you on level 7 of the Dungeon)
Miscellaneous
 Q - a crystal ball of energy
   (You found it on level 11 of the Dungeon)
Comestibles
 c - 7 bread rations {@e1}
 k - 8 meat rations {@e2}
 p - a beef jerky
 q - 2 chunks of flesh {@w0}
 u - 13 royal jellies
 D - 7 slices of pizza


   Skills:
 + Level 11.9 Fighting
 + Level 11.9 Long Blades
 + Level 11.3 Armour
 + Level 10.4 Dodging


You had 9 spell levels left.
You knew the following spells:

 Your Spells              Type           Power        Failure   Level  Hunger
g - Apportation           Tloc           #.........   100%        1    ##.....


Dungeon Overview and Level Annotations

Branches:
Dungeon (12/15)            Temple (0/1) D:4            Lair (0/6) D:11
    Orc (0/2) D:12

Altars:
Elyvilon
Gozag
Makhleb
Nemelex Xobeh
Xom

Shops:
D:4 *   D:5 :   D:6 =   D:7 }   D:11 (   D:12 [[


Innate Abilities, Weirdness & Mutations

You reflexively headbutt those who attack you in melee.
You have a pair of horns on your head.
You have a somewhat thin skeletal structure. (Dex +2, Stealth)
You possess an exceptional clarity of mind.
Your muscles are strong. (Str +2)


Message History

The freezing wraith easily resists.
Evoking this partially-identified wand wasted a few charges.
The phantasmal warrior barely misses you.
You riposte.
You hit the phantasmal warrior but do no damage.
Your headbutt misses the phantasmal warrior.
The skeletal warrior hits you but does no damage.
The freezing wraith barely misses you. The freezing wraith closely misses you.
Aim: a freezing wraith (lightly damaged, chance to defeat MR: 28%)
The freezing wraith is charmed.
Evoking this partially-identified wand wasted a few charges.
The phantasmal warrior hits you but does no damage.
The skeletal warrior hits you but does no damage.
Okay, then.
The floor.
You swap places.
The phantasmal warrior hits your freezing wraith but does no damage.
The skeletal warrior hits you but does no damage.
Your freezing wraith closely misses the phantasmal warrior.
Your freezing wraith hits the phantasmal warrior but does no damage.
You completely miss the skeletal warrior.
The phantasmal warrior blinks!
The skeletal warrior hits you but does no damage.
Your freezing wraith hits the phantasmal warrior but does no damage.
Your freezing wraith hits the phantasmal warrior.
Your freezing wraith drains the phantasmal warrior's vigour!
The phantasmal warrior seems to slow down.
The phantasmal warrior hits your freezing wraith!
Aim: a skeletal warrior, wielding a halberd (chance to defeat MR: 1%)
Okay, then.
Okay, then.
It was a potion of degeneration.
There was something very wrong with that liquid.
You feel weakened.
You feel dopey.
You feel clumsy.
Xom roars with laughter!
The skeletal warrior hits you but does no damage.
Your freezing wraith hits the phantasmal warrior but does no damage. x2
Okay, then.
Okay, then.
You feel better.
The skeletal warrior hits you from afar with a halberd!
Your freezing wraith hits the phantasmal warrior!
Your freezing wraith freezes the phantasmal warrior.
The phantasmal warrior resists.
Your freezing wraith barely misses the phantasmal warrior.
The phantasmal warrior hits your freezing wraith!
You take 9 damage, and have 43/104 hp.
Your magical effects are unravelling.
You feel magically purged.
You feel less vulnerable to hostile enchantments.
The skeletal warrior closely misses you.
Your freezing wraith barely misses the phantasmal warrior.
Your freezing wraith hits the phantasmal warrior but does no damage.
You are confused.
You feel invigorated.
The phantasmal warrior completely misses your freezing wraith.
Your freezing wraith hits the phantasmal warrior but does no damage. x2
The skeletal warrior hits you from afar with a halberd!!
* * * LOW HITPOINT WARNING * * *
You take 15 damage, and have 28/104 hp.
Your freezing wraith hits the phantasmal warrior but does no damage.
Your freezing wraith barely misses the phantasmal warrior.
The skeletal warrior closely misses you.
The phantasmal warrior hits your freezing wraith!!
Your freezing wraith is destroyed!
You regained 6 hp, and now have 34/104 hp.
You're too confused!
You bump into the rock wall.
You regained 4 hp, and now have 38/104 hp.
You feel less invigorated.
You feel less confused.
The skeletal warrior hits you but does no damage.
You regained 4 hp, and now have 42/104 hp.
The skeletal warrior hits you from afar with a halberd.
You take 1 damage, and have 41/104 hp.
You barely miss the phantasmal warrior. You headbutt the phantasmal warrior.
The phantasmal warrior is no longer moving slowly.
The skeletal warrior hits you from afar with a halberd!
* * * LOW HITPOINT WARNING * * *
The phantasmal warrior hits you!!
* * * LOW HITPOINT WARNING * * *
Your magical defenses are stripped away!
You take 33 damage, and have 8/104 hp.
MASSIVE DAMAGE!!
Okay, then.
Okay, then.
Okay, then.
As you read the scroll labeled MISKYRCHUCO, it crumbles to dust.
You hear the distant roaring of an enraged slug.
It was a scroll of random uselessness.
The phantasmal warrior hits you but does no damage.
The skeletal warrior barely misses you.
As you read the scroll labeled WAKKOP XODYLU, it crumbles to dust.
It is a scroll of enchant weapon.
Your +0 great sword glows red for a moment.
The phantasmal warrior hits you!!
You die...
Xom chuckles heartily!

###
###.#############################
..............z.@W...............
#######...#########.###........##
######..#..# ####.###.####.#.##
.......###.### #...........#.#...
#####...#....# #.#..###.##.....##
#.....#########.# #........##
#.÷#..###≈≈ #.# #.###....>#
#.....# ≈≈≈ #.###..###.....
#...#.#########..###.####.###


You could see a skeletal warrior and a phantasmal warrior.

Vanquished Creatures
  A great orb of eyes (D:12)
  2 unseen horrors (D:11)
  A hill giant (D:12)
  2 manticores
  2 trolls
  2 hippogriffs
  4 hogs (D:7)
  A human (D:7)
  18 yaks
  A hungry ghost (D:8)
  4 wargs (D:12)
  A water moccasin (D:10)
  3 sky beasts (D:8)
  5 ice beasts
  8 orc warriors
  5 phantoms
  7 ogres
  A centaur (D:6)
  A big kobold (D:12)
  4 bullfrogs
  A wyvern zombie (D:8)
  3 scorpions
  6 killer bees
  3 wights (D:9)
  7 howler monkeys
  An electric eel (D:6)
  6 crimson imps
  A bullfrog zombie (D:6)
  A centaur zombie (D:8)
  7 hounds
  6 orc priests
  4 iguanas
  A bullfrog skeleton (D:5)
  A gnoll shaman (D:8)
  9 orc wizards
  A centaur skeleton (D:5)
  10 worker ants
  A hound zombie (D:11)
  A hound skeleton (D:7)
  2 worker ant zombies
  6 gnolls
  10 adders
  3 shadow imps
  An ooze (D:3)
  4 worms
  4 dart slugs (D:1)
  8 leopard geckos
  40 orcs
  A ball python (D:5)
  20 giant cockroaches
  4 goblins
  7 hobgoblins
  7 jackals
  3 quokkas
  7 bats
  5 frilled lizards
  2 jackal skeletons
  8 kobolds
  8 rats
293 creatures vanquished.

Vanquished Creatures (collateral kills)
  A two-headed ogre (D:11)
  A vampire (D:11)
  A yak (D:11)
  A hungry ghost (D:11)
4 creatures vanquished.

Vanquished Creatures (others)
  A freezing wraith (D:12)
  A bullfrog (D:8)
  7 fungi (D:11)
  3 plants (D:6)
12 creatures vanquished.

Grand Total: 309 creatures vanquished

Notes
Turn   | Place    | Note
-------+----------+-------------------------------------------
     0 | D:1      | esc the Minotaur Chaos Knight began the quest for the Orb.
     0 | D:1      | Reached XP level 1. HP: 19/19 MP: 0/0
    30 | D:1      | XOM: potion effect (curing)
    34 | D:1      | Reached XP level 2. HP: 27/27 MP: 1/1
    56 | D:1      | XOM: harmless Ice miscast
   107 | D:1      | Reached skill level 4 in Fighting
   120 | D:1      | Reached skill level 2 in Dodging
   209 | D:1      | Reached XP level 3. HP: 33/33 MP: 2/2
   589 | D:2      | Reached skill level 4 in Long Blades
   589 | D:2      | Reached skill level 3 in Armour
   740 | D:2      | XOM: harmless Hex miscast
   741 | D:2      | XOM: 8-stop teleportation journey
   757 | D:2      | Reached XP level 4. HP: 39/40 MP: 3/3
   838 | D:2      | XOM: god gift: 13 royal jellies
   977 | D:2      | XOM: cloud trail
  1234 | D:3      | XOM: summons 2 hostile demons
  1633 | D:3      | Noticed a phantom
  1635 | D:3      | XOM: divination: detect items
  1642 | D:3      | Killed a phantom
  1642 | D:3      | Reached skill level 4 in Armour
  1642 | D:3      | Reached skill level 3 in Dodging
  1642 | D:3      | Reached XP level 5. HP: 43/47 MP: 4/4
  1978 | D:4      | Reached skill level 5 in Long Blades
  1989 | D:4      | XOM: noise
  2003 | D:4      | Found Gozag's Platinum Reserve.
  2019 | D:4      | Reached skill level 5 in Fighting
  2019 | D:4      | Reached XP level 6. HP: 29/56 MP: 5/5
  2064 | D:3      | XOM: scenery: create altars
  2069 | D:3      | XOM: noise
  2144 | D:3      | XOM: give mutation
  2144 | D:3      | Gained mutation: Armour fits poorly on your strangely shaped body. [Xom's mischief]
  2172 | D:4      | Found an opulent altar of Gozag.
  2175 | D:4      | XOM: harmless Pois miscast
  2421 | D:4      | XOM: summons friendly iron imp
  2422 | D:4      | XOM: mild Tloc miscast
  2425 | D:4      | XOM: silly message
  2428 | D:4      | Reached skill level 4 in Dodging
  2590 | D:4      | Reached skill level 5 in Armour
  2698 | D:4      | XOM: silly message
  2732 | D:4      | Found a staircase to the Ecumenical Temple.
  2779 | D:4      | Reached XP level 7. HP: 61/61 MP: 6/6
  2873 | D:5      | Entered Level 5 of the Dungeon
  2903 | D:5      | Found a burning altar of Makhleb.
  2935 | D:5      | Found a white marble altar of Elyvilon.
  2935 | D:5      | Found a sparkling altar of Nemelex Xobeh.
  2947 | D:5      | Found Redara's Book Shop.
  3054 | D:5      | Reached skill level 6 in Long Blades
  3129 | D:5      | XOM: harmless Divn miscast
  3157 | D:5      | Reached skill level 6 in Fighting
  3259 | D:5      | XOM: harmless Erth miscast
  3450 | D:6      | Found Wecwaepu's Jewellery Emporium.
  3460 | D:6      | Bought an uncursed ring of poison resistance for 240 gold pieces
  3799 | D:6      | HP: 13/63 [ogre/giant club (30)]
  3800 | D:6      | XOM: silly message
  3803 | D:6      | XOM: harmless Conj miscast
  3805 | D:6      | Reached skill level 5 in Dodging
  3838 | D:6      | Lost mutation: Armour fits poorly on your strangely shaped body. [potion of cure mutation]
  3841 | D:6      | HP: 12/64 [electric eel/bolt of electricity (10)]
  3842 | D:6      | HP: 4/64 [electric eel/bolt of electricity (8)]
  4203 | D:6      | XOM: confuse monster(s)
  4205 | D:6      | XOM: fake destruction
  4206 | D:6      | Reached skill level 6 in Armour
  4206 | D:6      | Reached XP level 8. HP: 71/71 MP: 7/7
  4278 | D:6      | XOM: divination: detect items
  4360 | D:6      | XOM: scenery: create altars
  4490 | D:6      | XOM: cloud trail
  4527 | D:6      | XOM: give mutation
  4527 | D:6      | Gained mutation: You are partially covered in rugged brown scales. (AC +1, +3% HP) [Xom's grace]
  4619 | D:6      | XOM: 1-stop teleportation journey
  5206 | D:6      | XOM: fog
  5246 | D:7      | XOM: 1-stop teleportation journey
  5262 | D:7      | XOM: cast spell 'Hydra Form'
  5281 | D:7      | Reached skill level 7 in Long Blades
  5346 | D:7      | XOM: cloud trail
  5405 | D:7      | Reached skill level 7 in Fighting
  5473 | D:7      | Reached skill level 6 in Dodging
  5480 | D:7      | Reached skill level 7 in Armour
  5485 | D:7      | XOM: scenery: 1 doors close
  5492 | D:7      | Reached skill level 8 in Long Blades
  5492 | D:7      | Reached XP level 9. HP: 63/82 MP: 8/8
  5705 | D:7      | Found Kozxaem's Gadget Boutique.
  5705 | D:7      | XOM: 3-stop teleportation journey
  5729 | D:7      | Reached skill level 8 in Fighting
  5733 | D:7      | XOM: god gift: papyrus book {god gift}
  5737 | D:7      | Learned a level 1 spell: Apportation
  6009 | D:8      | XOM: scenery: 1 doors open
  6031 | D:8      | XOM: scenery: create altars
  6042 | D:8      | XOM: divine lightning
  6059 | D:8      | Reached skill level 7 in Dodging
  6067 | D:8      | XOM: scenery: create altars
  6118 | D:8      | XOM: fog
  6129 | D:8      | XOM: cleaving
  6130 | D:8      | Reached skill level 8 in Armour
  6139 | D:8      | XOM: confuse monster(s)
  6148 | D:8      | XOM: confuse monster(s)
  6385 | D:8      | Reached skill level 9 in Long Blades
  6426 | D:8      | XOM: divination: detect creatures
  6429 | D:7      | XOM: divination: detect items
  7018 | D:7      | XOM: harmless Chrm miscast
  7153 | D:8      | XOM: potion effect (might)
  7163 | D:8      | Reached skill level 9 in Fighting
  7291 | D:8      | Reached skill level 9 in Armour
  7338 | D:8      | XOM: mild Summ miscast
  7417 | D:8      | Reached XP level 10. HP: 64/93 MP: 9/9
  7426 | D:8      | Reached skill level 8 in Dodging
  7591 | D:9      | XOM: noise
  7763 | D:8      | XOM: mild Hex miscast
  8044 | D:9      | XOM: divination: detect creatures
  8051 | D:9      | XOM: confuse monster(s)
  8216 | D:9      | XOM: enchant monster (bad)
  8248 | D:10     | Entered Level 10 of the Dungeon
  8248 | D:10     | Noticed a brown ugly thing
  8279 | D:9      | XOM: confusion (+ monsters)
  8571 | D:9      | XOM: swap monsters
  8576 | D:9      | Reached skill level 10 in Long Blades
  8643 | D:9      | XOM: summons 4 hostile shadow creatures
  8673 | D:9      | XOM: give mutation
  8673 | D:9      | Lost mutation: You are partially covered in rugged brown scales. (AC +1, +3% HP) [Xom's mischief]
  8764 | D:9      | Reached skill level 10 in Fighting
  8846 | D:9      | XOM: scenery: create altars
  8855 | D:9      | XOM: god gift: 47 gold pieces
  8871 | D:9      | XOM: summons 4 friendly demons
  9018 | D:10     | XOM: cleaving
  9381 | D:10     | Reached skill level 9 in Dodging
  9580 | D:11     | Reached skill level 10 in Armour
  9658 | D:11     | Noticed an unseen horror
  9658 | D:11     | XOM: summons 2 friendly demons
  9680 | D:11     | Killed an unseen horror
  9816 | D:11     | XOM: confuse monster(s)
  9829 | D:11     | XOM: polymorph killer bee -> worker ant
  9830 | D:11     | XOM: divination: detect items
  9835 | D:11     | XOM: confuse monster(s)
  9845 | D:11     | XOM: confuse monster(s)
  9863 | D:11     | Reached XP level 11. HP: 33/101 MP: 10/10
 10197 | D:11     | XOM: harmless Tloc miscast
 10224 | D:11     | Found a staircase to the Lair.
 10308 | D:11     | Noticed an unseen horror
 10317 | D:11     | Killed an unseen horror
 10317 | D:11     | Reached skill level 11 in Long Blades
 10335 | D:11     | Reached skill level 11 in Fighting
 10354 | D:11     | XOM: harmless Conj miscast
 10617 | D:11     | XOM: mild Pois miscast
 10692 | D:11     | Found Kerhyut's Antique Weapon Emporium.
 10879 | D:12     | XOM: give mutations
 10879 | D:12     | Gained mutation: You possess an exceptional clarity of mind. [Xom's grace]
 10879 | D:12     | Gained mutation: Your muscles are strong. (Str +2) [Xom's grace]
 10879 | D:12     | Gained mutation: You have a somewhat thin skeletal structure. (Dex +2, Stealth) [Xom's grace]
 10930 | D:12     | Noticed a hill giant
 10944 | D:12     | Noticed a great orb of eyes
 10944 | D:12     | a hill giant changed into a great orb of eyes
 10944 | D:12     | XOM: polymorph hill giant -> great orb of eyes
 10945 | D:12     | XOM: enchant monster (bad)
 10948 | D:12     | XOM: fake destruction
 10950 | D:12     | XOM: enchant monster (good)
 10973 | D:12     | Killed a great orb of eyes
 11134 | D:12     | Reached skill level 10 in Dodging
 11144 | D:12     | Reached skill level 11 in Armour
 11209 | D:12     | Noticed a hill giant
 11237 | D:12     | Killed a hill giant
 11258 | D:12     | Noticed a sea snake
 11588 | D:12     | XOM: mild Hex miscast
 11645 | D:12     | Found Qoejoo's Antique Armour Shop.
 11800 | D:12     | Noticed a sea snake
 11869 | D:12     | XOM: mild Divn miscast
 11892 | D:12     | XOM: stat loss: -1 Dex (15/16)
 11914 | D:12     | Found a staircase to the Orcish Mines.
 12012 | D:12     | Found Pigug's Armour Emporium.
 12314 | D:12     | Noticed a skeletal warrior
 12314 | D:12     | Noticed a phantasmal warrior
 12329 | D:12     | XOM: butterfly on damage
 12366 | D:12     | HP: 26/104 [skeletal warrior/halberd[a death knight] (15)]
 12366 | D:12     | HP: 8/104 [phantasmal warrior[a death knight] (18)]
 12368 | D:12     | Mangled by a phantasmal warrior

Skill      XL: |  1  2  3  4  5  6  7  8  9 10 11 |
---------------+----------------------------------+-----
Fighting       | 4 5 6 7 9 10 11 | 11.9
Dodging        | 2 3 4 5 6 7 9 10 | 10.4
Long Blades    | 4 5 6 8 9 10 11 | 11.9
Armour         | 3 4 5 6 7 9 10 11 | 11.3

Action                   |  1- 3 |  4- 6 |  7- 9 | 10-12 || total
-------------------------+-------+-------+-------+-------++-------
Melee: Falchion          |    68 |    82 |       |       ||   150
       Headbutt          |     8 |    27 |    58 |   106 ||   199
       Great sword       |       |    60 |   322 |   395 ||   777
       Unarmed           |       |       |     4 |       ||     4
 Fire: Blowgun           |       |       |       |     3 ||     3
Evoke: Wand              |       |       |       |    11 ||    11
  Use: Potion            |       |     1 |     2 |     7 ||    10
       Scroll            |       |       |    19 |    10 ||    29
 Stab: Paralysed         |       |     3 |       |     4 ||     7
       Petrifying        |       |     1 |       |       ||     1
       Confused          |       |       |       |     4 ||     4
  Eat: Chunk             |       |     6 |     8 |    12 ||    26
       Beef jerky        |       |       |     2 |     2 ||     4
       Fruit             |       |       |     2 |       ||     2
       Pizza             |       |       |       |     2 ||     2
Armor: Leather armour    |    26 |    55 |    24 |       ||   105
       Plate armour      |       |       |   177 |   266 ||   443
       Skin              |       |       |     1 |       ||     1
Dodge: Dodged            |    43 |    63 |   153 |   190 ||   449
Block: Other             |     1 |    15 |    26 |    32 ||    74
       Reflection        |       |       |       |     1 ||     1
       Rpst.: Falchion   |    13 |    17 |       |       ||    30
       Great sword       |       |     3 |    45 |    50 ||    98

Vault maps used:
D:1:      tarquinn_simple_flora_water_f
D:2:      minmay_roachtagon, kennysheep_nondescript, minmay_item_behind_shaft
D:3:      first_bread, due_unseen_surprise
D:4:      nicolae_gozag_zags_fifth_avenue
D:5:      grunt_temple_overflow_open, serial_shops, shop,
          minmay_misc_feat_encased
D:6:      wad_woods_pond, serial_shops, nicolae_shop_waterfront,
          dk_noncrumbling_2
D:7:      serial_shops, shop, grunt_livestock
D:8:      wad_guarded_room
D:11:     due_lair_maze_entry_diamond, serial_shops, shop
D:12:     minmay_orc_entry_guard_dogs, serial_aquarium, aquarium_bridge_square,
          aquarium_bridge_square, aquarium_window_fake,
          aquarium_window_corridor_2, aquarium_window_corner, aquarium_window_1,
          aquarium_view_4, aquarium_view_2a, aquarium_balcony_double_4,
          serial_shops, shop, nicolae_shop_behind_doors

Table legend:
 A = Turns spent in this place as a percentage of turns spent in the entire game.
 B = Non-inter-level travel turns spent in this place as a percentage of non-inter-level travel turns spent in the entire game.
 C = Inter-level travel turns spent in this place as a percentage of turns spent in this place.
 D = Turns resting spent in this place as a percentage of non-inter-level travel turns spent in this place.
 E = Turns spent auto-exploring this place as a percentage of non-inter-level travel turns spent in this place.
 F = Non-inter-level travel turns spent in this place divided by the number of levels of this place that you've seen.
                   A       B       C       D       E      F
               +-------+-------+-------+-------+-------+----------------------
         Total | 100.0 | 100.0 |   0.5 |   2.9 |   8.8 | 271.2
       Dungeon | 100.0 | 100.0 |   0.5 |   2.9 |   8.8 | 271.2
               +-------+-------+-------+-------+-------+----------------------

Table legend:
 A = Kills in this place as a percentage of kills in entire the game.
 B = Kills by you in this place as a percentage of kills by you in the entire game.
 C = Kills by friends in this place as a percentage of kills by friends in the entire game.
 D = Other kills in this place as a percentage of other kills in the entire game.
 E = Experience gained in this place as a percentage of experience gained in the entire game.
 F = Experience gained in this place divided by the number of levels of this place that you have seen.
                   A       B       C       D       E      F
               +-------+-------+-------+-------+-------+----------------------
         Total | 100.0 | 100.0 | 100.0 | 100.0 | 100.0 | 1601.2
       Dungeon | 100.0 | 100.0 | 100.0 | 100.0 | 100.0 | 1601.2
               +-------+-------+-------+-------+-------+----------------------
